 Dungeon Crawl Stone Soup version 0.24.0-37-gcf1ca852f1 (webtiles) character file.

Game seed: 16453192394799115552, levelgen mode: deterministic

148 Belius the Skirmisher (level 5, -2/42 HPs)
             Began as a Formicid Abyssal Knight on Dec 6, 2019.
             Was a Believer of Lugonu.
             Killed from afar by an orc wizard (6 damage)
             ... with a magic dart
             ... on level 3 of the Dungeon.
             The game lasted 00:04:41 (2499 turns).

Belius the Skirmisher (Formicid Abyssal Knight)     Turns: 2499, Time: 00:04:42

Health: -2/42      AC:  6    Str: 18    XL:     5   Next: 56%
Magic:  6/6        EV: 11    Int: 11    God:    Lugonu [**....]
Gold:   118        SH:  0    Dex: 10    Spells: 4/4 levels left

rFire    . . .     SeeInvis +   a - +1 falchion
rCold    . . .     Gourm    .   (no shield)
rNeg     . . .     Faith    .   n - +0 ring mail
rPois    .         Spirit   .   (helmet unavailable)
rElec    .         Reflect  .   (no cloak)
rCorr    .         Harm     .   (no gloves)
MR       .....                  e - +0 pair of boots
Stlth    ..........             (no amulet)
HPRegen  0.14/turn              (no ring)
MPRegen  0.10/turn              (no ring)

@: no status effects
A: permanent stasis, dig shafts and tunnels, four strong arms, antennae 3
a: Dig, Shaft Self, Depart the Abyss, Bend Space, Renounce Religion


You were on level 3 of the Dungeon.
You worshipped Lugonu.
Lugonu was pleased with you.
You were hungry.

You visited 1 branch of the dungeon, and saw 3 of its levels.
You visited the Abyss 1 time.

You collected 118 gold pieces.

Inventory:

Hand Weapons
 a - a +1 falchion (weapon)
Armour
 b - a +0 leather armour
 e - a +0 pair of boots (worn)
 n - a +0 ring mail (worn)
Jewellery
 l - an uncursed amulet of faith {unknown}
 p - an uncursed ring of magical power
Scrolls
 f - 2 scrolls of enchant weapon {unknown}
 g - a scroll of enchant armour {unknown}
 h - a scroll of amnesia {unknown}
 i - 2 scrolls of teleportation {unknown}
 k - a scroll of fear {unknown}
 o - 2 scrolls of blinking {unknown}
 q - 4 scrolls of remove curse {unknown}
Potions
 j - 2 potions of cancellation
 s - a potion of curing {unknown}
Comestibles
 c - 7 rations


   Skills:
 + Level 4.1 Fighting
 + Level 3.9 Long Blades
 + Level 3.2 Armour
 - Level 1.5 Dodging
 + Level 2.2 Invocations


You had 4 spell levels left.
You didn't know any spells.
Your spell library was empty.

Dungeon Overview and Level Annotations

Branches:
Dungeon (3/15)

Altars:


Innate Abilities, Weirdness & Mutations

You cannot be hasted, slowed, berserked, paralysed or teleported.
You can dig through walls and to a lower floor.
Your four strong arms can wield two-handed weapons with a shield.
You have a pair of large antennae on your head. (SInv)


Message History

The orc wizard hits you with a +0 dagger.
* * * LOW HITPOINT WARNING * * *
You miss the orc wizard.
The orc wizard is almost dead.
The orc wizard points at you and mumbles some strange words.
Your stasis prevents you from being slowed.
The orc wizard closely misses you.
You closely miss the orc wizard.
The orc wizard is almost dead.
The orc wizard hits you but does no damage.
You hit the orc wizard but do no damage.
The orc wizard is almost dead.
The orc wizard closely misses you.
The orc wizard hits you but does no damage.
You completely miss the orc wizard.
The orc wizard is almost dead.
The orc wizard closely misses you.
The orc wizard points at you and mumbles some strange words.
The magic dart hits you.
You die...

.....{.##.##...#.##.
#
...o..o{{......#....
....{.###..#.##...##
..... #...#........
.... #.##.......#
... #......##### ..
####{### . ##o# #@##
###


You could see an orc wizard.

Vanquished Creatures
  2 orc priests (D:3)
  An adder (D:2)
  3 worms
  A dart slug (D:1)
  A leopard gecko (D:3)
  8 orcs (D:3)
  A giant cockroach (D:3)
  6 hobgoblins
  11 jackals
  4 kobolds (D:2)
  5 bats
  3 frilled lizards
  4 goblins
  5 rats
55 creatures vanquished.

Notes
Turn   | Place    | Note
-------+----------+-------------------------------------------
     0 | Abyss:1  | Belius the Formicid Abyssal Knight began the quest for the
                  | Orb.
     0 | Abyss:1  | Reached XP level 1. HP: 18/18 MP: 2/2
    30 | Abyss:1  | Noticed a large abomination
    33 | Abyss:1  | Noticed an apocalypse crab
    34 | Abyss:1  | Noticed a small abomination
    36 | D:1      | Escaped the Abyss
    94 | D:1      | Reached XP level 2. HP: 13/25 MP: 3/3
   258 | D:1      | Reached * piety under Lugonu
   484 | D:1      | Reached skill level 1 in Dodging
   484 | D:1      | Reached XP level 3. HP: 24/30 MP: 4/4
  1005 | D:2      | Reached skill level 4 in Fighting
  1376 | D:2      | Reached XP level 4. HP: 37/37 MP: 5/5
  2197 | D:3      | Reached XP level 5. HP: 32/42 MP: 6/6
  2212 | D:3      | Reached ** piety under Lugonu
  2499 | D:3      | Killed from afar by an orc wizard

Levels and vault maps discovered:
D:1:      nicolae_arrival_memento_mori, layout_loops_ring, hex_large
D:2:      layout_basic
D:3:      layout_rooms, first_ration, hangedman_decor_points

Skill      XL: |  1  2  3  4 |
---------------+-------------+-----
Dodging        | 1 |  1.5
Fighting       | 4 |  4.1
Long Blades    | 3 |  3.9
Armour         | 3 |  3.2
Invocations    | |  2.2

Action                   |  1- 3 |  4- 6 || total
-------------------------+-------+-------++-------
Melee: Falchion          |    72 |   115 ||   187
Invok: Depart the Abyss  |     1 |       ||     1
 Abil: Dig               |       |     4 ||     4
  Use: Potion            |       |     3 ||     3
  Eat: Chunk             |     1 |     4 ||     5
Armor: Leather armour    |    27 |       ||    27
       Ring mail         |     3 |    41 ||    44
Dodge: Dodged            |    55 |    58 ||   113
       Rpst.: Falchion   |    21 |    14 ||    35
